 Dungeon Crawl Stone Soup version 0.19.1 (webtiles) character file.

149 NoWolfie the Skirmisher (level 5, -2/42 HPs)
             Began as a Human Wanderer on Nov 28, 2016.
             Killed from afar by an orc wizard (6 damage)
             ... with a magic dart
             ... on level 3 of the Dungeon.
             The game lasted 00:16:14 (2989 turns).

NoWolfie the Skirmisher (Human Wanderer)            Turns: 2989, Time: 00:16:15

Health: -2/42      AC:  4    Str: 13    XL:     5   Next: 57%
Magic:  5/5        EV: 13    Int: 13    God:
Gold:   129        SH:  0    Dex: 12    Spells: 0 memorised, 4 levels left

rFire  . . .     SeeInvis .     a - +4 short sword
rCold  . . .     Gourm    .     p - +0 robe
rNeg   . . .     Faith    .     (no shield)
rPois  .         Spirit   .     (no helmet)
rElec  .         Reflect  .     o - +1 cloak
rCorr  .         Harm     .     (no gloves)
MR     .....                    (no boots)
Stlth  +.........               (no amulet)
                                (no ring)
                                (no ring)

@: confused
A: no striking features
a: no special abilities


You were on level 3 of the Dungeon.
You were not hungry.

You visited 1 branch of the dungeon, and saw 3 of its levels.

You collected 129 gold pieces.

Inventory:

Hand Weapons
 a - a +4 short sword (weapon)
 n - a +4 quarterstaff of chaos
 t - a +0 blowgun
Missiles
 s - 6 poisoned needles
Armour
 c - a +0 robe
 o - a +1 cloak (worn)
 p - a +0 robe (worn)
Jewellery
 u - an uncursed ring of positive energy {unknown}
Scrolls
 e - a scroll of amnesia {unknown}
 j - a scroll of recharging {unknown}
 k - a scroll of remove curse
 l - a scroll of magic mapping {unknown}
 m - a scroll of identify
 r - a scroll of fear {unknown}
Potions
 b - 4 potions of lignification
 f - a potion of berserk rage
 h - a potion of heal wounds {unknown}
 i - a potion of invisibility {unknown}
 q - a potion of resistance {unknown}
 v - a potion of flight {unknown}
 w - a potion of curing {unknown}
Comestibles
 d - a bread ration
 g - a meat ration


   Skills:
 - Level 4.0 Fighting
 * Level 3.9(4.0) Short Blades
   Level 1.0(2.6) Long Blades
 - Level 1.0 Throwing
 * Level 3.4 Dodging
 - Level 1.0 Stealth
   Level 1.0 Shields


You had 4 spell levels left.
You didn't know any spells.

Dungeon Overview and Level Annotations

Branches:
Dungeon (3/15)

Altars:
Ashenzari


Message History

You barely miss something.
You hear some strange, mumbled words.
A magic dart appears from out of thin air!
The magic dart hits you!
You miss something. Something hits you but does no damage.
You're too confused to move!
You hear some strange, mumbled words.
You are more confused.
You hear some strange, mumbled words.
A magic dart appears from out of thin air!
The magic dart hits you!
* * * LOW HITPOINT WARNING * * *
Something hits you.
* * * LOW HITPOINT WARNING * * *
Things that are here:
a leather armour; a flail You hear some strange, mumbled words.
A magic dart appears from out of thin air!
The magic dart hits you!
You die...

≈≈≈♣≈≈≈≈≈≈≈♣≈≈♣#
♣≈≈♣≈≈♣♣≈P≈###
♣♣♣≈P♣≈♣♣...##
#...#..##.#)######
#..##.............
#####..##.............
#####..........####.####.#
......))[......# #.# #..
#####.###@.########.# ###
#.###...........# #
#..........## #.# #
#.##....##.# #.## #
#.#.#.#.# #..# #
#.....#..# ##.## # ####
#.....#..# #... #.....
#.....#..# #..# ..#
##.#.#.#.# #..#


There were no monsters in sight!

Vanquished Creatures
  Crazy Yiuf (D:2)
  A bullfrog skeleton (D:3)
  2 adders (D:2)
  A gnoll (D:1)
  An adder skeleton (D:2)
  A worm (D:2)
  2 dart slugs (D:3)
  2 leopard geckos (D:2)
  6 orcs (D:3)
  2 bat skeletons (D:2)
  4 giant cockroaches
  8 goblins
  2 hobgoblins (D:2)
  4 kobolds
  A ball python skeleton (D:2)
  5 bats
  2 frilled lizards
  2 giant cockroach zombies (D:2)
  3 rats
  A withered plant (D:2)
51 creatures vanquished.

Notes
Turn   | Place    | Note
-------+----------+-------------------------------------------
     0 | D:1      | NoWolfie the Human Wanderer began the quest for the Orb.
     0 | D:1      | NoWolfie set off with: a +2 short sword, 2 potions of lignification, a +0 robe, a bread ration
     0 | D:1      | Reached XP level 1. HP: 19/19 MP: 1/1
   231 | D:1      | Reached skill level 1 in Dodging
   231 | D:1      | Reached XP level 2. HP: 11/25 MP: 2/2
   738 | D:1      | You fall through a shaft!
   746 | D:2      | Reached XP level 3. HP: 27/30 MP: 3/3
   926 | D:2      | Found a shattered altar of Ashenzari.
  1624 | D:2      | Reached XP level 4. HP: 36/37 MP: 4/4
  1872 | D:2      | Found a runed door.
  1876 | D:2      | Noticed Crazy Yiuf
  1884 | D:2      | Killed Crazy Yiuf
  2180 | D:3      | Reached XP level 5. HP: 42/42 MP: 5/5
  2989 | D:3      | Killed from afar by an orc wizard

Skill      XL: |  1  2  3  4  5 |
---------------+----------------+-----
Dodging        | 1 2 3 |  3.4
Short Blades   | 3 |  3.9
Fighting       | |  4.0
Long Blades    | |  1.0
Throwing       | |  1.0
Stealth        | |  1.0
Shields        | |  1.0

Action                   |  1- 3 |  4- 6 || total
-------------------------+-------+-------++-------
Melee: Short sword       |    89 |   147 ||   236
  Use: Scroll            |     2 |     3 ||     5
       Potion            |       |     1 ||     1
 Stab: Sleeping          |     2 |     1 ||     3
  Eat: Bread ration      |     1 |       ||     1
       Chunk             |       |     2 ||     2
Armor: Robe              |    18 |     8 ||    26
Dodge: Dodged            |    70 |    39 ||   109
